 Dungeon Crawl Stone Soup version 0.24.0-123-gd5b16e6ec5 (webtiles) character file.

Game seed: 7049761136321776859, levelgen mode: deterministic

378 Curus the Basher (level 6, -8/51 HPs)
             Began as a Minotaur Monk on Jan 11, 2020.
             Killed from afar by Dowan (30 damage)
             ... with a shard of ice
             ... on level 4 of the Dungeon.
             The game lasted 00:08:47 (2221 turns).

Curus the Basher (Minotaur Monk)                    Turns: 2221, Time: 00:08:48

Health: -8/51      AC:  9    Str: 15    XL:     6   Next: 45%
Magic:  5/5        EV: 12    Int:  7    God:
Gold:   124        SH:  0    Dex: 15    Spells: 5/5 levels left

rFire    . . .     SeeInvis .   a - +1 mace
rCold    . . .     Gourm    .   (no shield)
rNeg     . . .     Faith    .   d - +1 ring mail
rPois    .         Spirit   .   (helmet restricted)
rElec    .         Reflect  .   i - +2 cloak {MR+}
rCorr    .         Harm     .   (no gloves)
MR       +....                  (no boots)
Stlth    +.........             (no amulet)
HPRegen  0.17/turn              (no ring)
MPRegen  0.09/turn              (no ring)

@: no status effects
A: retaliatory headbutt, horns 2
a: no special abilities


You were on level 4 of the Dungeon.
You were not hungry.

You visited 1 branch of the dungeon, and saw 4 of its levels.

You collected 124 gold pieces.

Inventory:

Hand Weapons
 a - a +1 mace (weapon)
Armour
 b - a +0 robe
 d - a +1 ring mail (worn)
 f - a +0 cloak
 i - a +2 cloak of magic resistance (worn)
Wands
 g - a wand of polymorph (4)
Scrolls
 e - 2 scrolls of blinking
 h - 3 scrolls of remove curse
 k - a scroll of amnesia
Comestibles
 c - 8 rations
 j - 2 chunks of flesh


   Skills:
 - Level 3.6 Fighting
 + Level 8.8 Maces & Flails
 - Level 3.2 Dodging
 - Level 1.5 Stealth


You had 5 spell levels left.
You didn't know any spells.
Your spell library was empty.

Dungeon Overview and Level Annotations

Branches:
Dungeon (4/15)
 Temple: D:4-7

Altars:
Fedhas
Gozag
Hepliaklqana
Nemelex Xobeh
Qazlal

Annotations:
D:4 Dowan


Innate Abilities, Weirdness & Mutations

You reflexively headbutt those who attack you in melee.
You have a pair of horns on your head.


Message History

The stone arrow hits you!
You barely miss Dowan.
Dowan is moderately wounded.
The hound bites you but does no damage. Dowan barely misses you.
You furiously retaliate!
You headbutt Dowan. The hound barely misses you.
You sock Dowan!
Dowan is severely wounded.
Dowan closely misses you. The hound bites you but does no damage.
Dowan barely misses you.
You completely miss Dowan.
Dowan is severely wounded.
The hound bites you. Dowan misses you. You furiously retaliate!
You headbutt Dowan. You closely miss Dowan.
Dowan is almost dead.
The hound bites you but does no damage. Dowan casts a spell at you.
The shard of ice hits you!!
Ouch! That really hurt!
You die...

#. ... #### ..
..###<... .##.#
#........
....##.#..[...
#l...........
....##...........
........h.....# #...
#he# ##....##@######
#.....#.......###..
.....##...........#
#...............
##..###......... ##
#..............
#...##...........
..........##......#
...#...........#.###


You could see Dowan, an iguana and 2 hounds.

Vanquished Creatures
  Duvessa (D:4)
  A scorpion (D:4)
  Crazy Yiuf (D:2)
  2 bullfrog skeletons (D:4)
  Jessica (D:2)
  A worker ant (D:4)
  An adder (D:3)
  2 oozes
  2 worms
  A dart slug (D:3)
  4 leopard geckos
  5 orcs
  2 ball pythons (D:3)
  4 giant cockroaches
  10 goblins
  3 hobgoblins
  3 jackals (D:1)
  5 kobolds
  2 quokkas (D:3)
  3 bats
  4 frilled lizards
  5 rats
  A fungus (D:2)
64 creatures vanquished.

Notes
Turn   | Place    | Note
-------+----------+-------------------------------------------
     0 | D:1      | Curus the Minotaur Monk began the quest for the Orb.
     0 | D:1      | Reached XP level 1. HP: 19/19 MP: 0/0
    20 | D:1      | Reached skill level 4 in Maces & Flails
    43 | D:1      | Reached XP level 2. HP: 21/26 MP: 1/1
   636 | D:2      | Reached skill level 5 in Maces & Flails
   727 | D:2      | Found a blossoming altar of Fedhas.
   730 | D:2      | Found a stormy altar of Qazlal.
   754 | D:2      | Found a sparkling altar of Nemelex Xobeh.
   755 | D:2      | Found an opulent altar of Gozag.
   756 | D:2      | Reached XP level 3. HP: 31/31 MP: 2/2
   870 | D:2      | Found a hazy altar of Hepliaklqana.
   933 | D:2      | Noticed Jessica
   956 | D:2      | Killed Jessica
   956 | D:2      | Reached skill level 6 in Maces & Flails
   956 | D:2      | Reached XP level 4. HP: 39/39 MP: 3/3
  1390 | D:2      | Found a runed translucent door.
  1391 | D:2      | Noticed Crazy Yiuf
  1406 | D:2      | Killed Crazy Yiuf
  1862 | D:3      | Reached XP level 5. HP: 45/45 MP: 4/4
  2041 | D:3      | Reached skill level 7 in Maces & Flails
  2189 | D:4      | Noticed Duvessa
  2189 | D:4      | Noticed Dowan
  2206 | D:4      | Killed Duvessa
  2206 | D:4      | Reached skill level 8 in Maces & Flails
  2206 | D:4      | Reached XP level 6. HP: 49/51 MP: 5/5
  2221 | D:4      | Killed from afar by Dowan

Levels and vault maps discovered:
D:1:      psy_arrival_conway, layout_rooms, item_on_display_a
D:2:      layout_basic, grunt_temple_overflow_opulence,
          grunt_temple_overflow_forces_of_nature, old_standard_altar,
          uniq_crazy_yiuf_cottage, uniq_jessica
D:3:      layout_loops_ring
D:4:      layout_cave_pools, kennysheep_mini, lemuel_round_altar, first_ration,
          uniq_duvessa

Skill      XL: |  1  2  3  4  5 |
---------------+----------------+-----
Maces & Flails | 4 5 6 8 |  8.8
Fighting       | |  3.6
Dodging        | |  3.2
Stealth        | |  1.5

Action                   |  1- 3 |  4- 6 || total
-------------------------+-------+-------++-------
Melee: Mace              |    69 |   127 ||   196
       Headbutt          |     4 |    14 ||    18
       Unarmed           |     3 |     2 ||     5
  Use: Scroll            |     7 |     3 ||    10
       Potion            |     4 |       ||     4
 Stab: Sleeping          |     1 |       ||     1
  Eat: Ration            |       |     1 ||     1
       Chunk             |       |     1 ||     1
Armor: Robe              |     5 |       ||     5
       Ring mail         |    11 |    40 ||    51
       Skin              |     4 |     1 ||     5
Dodge: Dodged            |    33 |    95 ||   128
